 Dungeon Crawl Stone Soup version 0.22-a0-571-g4a923d4 (webtiles) character file.

1082 Gildeon the Magician (level 8, -7/43 HPs)
             Began as a Deep Elf Conjurer on July 1, 2018.
             Was an Initiate of Sif Muna.
             Killed from afar by a shock serpent (16 damage)
             ... with an electric aura
             ... on level 6 of the Dungeon.
             The game lasted 00:42:48 (6382 turns).

Gildeon the Magician (Deep Elf Conjurer)            Turns: 6382, Time: 00:42:49

Health: -7/43      AC:  4    Str:  5    XL:     8   Next: 8%
Magic:  16/19      EV: 15    Int: 23    God:    Sif Muna [......]
Gold:   360        SH:  0    Dex: 17    Spells: 1/19 levels left

rFire    . . .     SeeInvis .   m - +0 dagger (venom)
rCold    . . .     Gourm    .   (no shield)
rNeg     + . .     Faith    .   a - +1 robe
rPois    .         Spirit   .   e - +0 helmet
rElec    .         Reflect  .   (no cloak)
rCorr    .         Harm     .   (no gloves)
MR       .....                  (no boots)
Stlth    +++.......             (no amulet)
HPRegen  0.14/turn              n - +2 ring of dexterity
MPRegen  0.16/turn              q - ring "Qoecaota" {Wiz rN+}

@: no status effects
A: no striking features
a: Renounce Religion


You were on level 6 of the Dungeon.
You worshipped Sif Muna.
Sif Muna was noncommittal.
You were not hungry.

You visited 2 branches of the dungeon, and saw 7 of its levels.

You collected 360 gold pieces.

Inventory:

Hand Weapons
 k - a +0 blowgun
 m - a +0 dagger of venom (weapon)
Missiles
 l - 25 poisoned needles
Armour
 a - a +1 robe (worn)
 e - a +0 helmet (worn)
 s - a +2 leather armour of positive energy
Jewellery
 b - an uncursed ring of poison resistance
 n - a +2 ring of dexterity (left hand)
 q - the ring "Qoecaota" (right hand) {Wiz rN+}
   (You found it on level 4 of the Dungeon)

   [ring of wizardry]

   It improves your spell success rate.
   It protects you from negative energy.
Wands
 i - a wand of clouds (5)
 r - a wand of polymorph (3)
Scrolls
 d - 6 scrolls of teleportation
 g - 6 scrolls of remove curse
 j - a scroll of enchant weapon {unknown}
 o - a scroll of fog
Potions
 f - a potion of brilliance {unknown}
 h - 2 potions of curing
 p - a potion of flight {unknown}
 t - a potion of ambrosia {unknown}
 u - a potion of agility {unknown}
 v - a potion of heal wounds {unknown}
 x - a potion of lignification {unknown}
Comestibles
 c - 9 rations
 w - 2 chunks of flesh


   Skills:
 - Level 1.0 Fighting
 + Level 1.1 Short Blades
 - Level 1.0 Armour
 - Level 5.0 Dodging
 - Level 5.0 Stealth
 - Level 6.0 Spellcasting
 - Level 5.0 Conjurations
 - Level 5.0 Hexes
 + Level 0.2 Translocations
 + Level 1.8 Invocations
 + Level 4.0 Evocations


You had one spell level left.
You knew the following spells:

 Your Spells              Type           Power        Failure   Level  Hunger
a - Magic Dart            Conj           ####         1%          1    None
b - Searing Ray           Conj           ####..       1%          2    None
c - Dazzling Spray        Conj/Hex       ####..       1%          3    #......
d - Iskenderun's Mystic   Conj           ####....     4%          4    ###....
e - Fulminant Prism       Conj/Hex       ####......   4%          4    ###....
f - Force Lance           Conj/Tloc      ###.....     12%         4    ###....

Your spell library contained the following spells:

 Spells                   Type           Power        Failure   Level  Hunger
 Conjure Flame            Conj/Fire      ###.....     3%          3    #......
 Slow                     Hex            ####....     1%          2    None
 Confuse                  Hex            ####....     1%          3    #......
 Mephitic Cloud           Conj/Pois/Air  ##......     5%          3    #......
 Blink                    Tloc           N/A          4%          2    None
 Call Imp                 Summ           #.......     5%          2    None
 Confusing Touch          Hex            ####..       1%          1    None
 Metabolic Englaciation   Hex/Ice        ###.......   32%         5    #####..
 Petrify                  Tmut/Erth      #.......     32%         4    ###....
 Gell's Gravitas          Tloc           #.........   10%         3    #......
 Yara's Violent Unravell  Hex/Tmut       ###.......   32%         5    #####..


Dungeon Overview and Level Annotations

Branches:
Dungeon (6/15)             Temple (1/1) D:4

Altars:
Ashenzari
Dithmenos
Elyvilon
Fedhas
Gozag
Hepliaklqana
Makhleb
Nemelex Xobeh
Qazlal
Ru
Sif Muna
Uskayaw
Vehumet
Wu Jian
Xom
Yredelemnul
Zin
The Shining One

Shops:
D:6 =

Annotations:
D:4 Menkaure


Message History

Unknown command.
Casting: Magic Dart (safe; 1% risk of failure)
Confirm with . or Enter, or press ? or * to list all spells.
Okay, then.
Evoke which item? (* to show all) (? for menu, Esc to quit)
Aiming: Polymorph
Press: ? - help, Shift-Dir - straight line, f/p - two-headed ogre
Aim: a two-headed ogre, wielding a great mace and a giant club (freezing vapour, moderately wounded, chance to defeat MR: 40%)
The two-headed ogre evaporates and reforms as a shock serpent!
The shock serpent is engulfed in freezing vapours.
The shock serpent seems to slow down.
The shock serpent bites you. The shock serpent shocks you!
* * * LOW HITPOINT WARNING * * *
The shock serpent's electric aura discharges, shocking you!
* * * LOW HITPOINT WARNING * * *
You feel better.
The shock serpent is engulfed in freezing vapours.
The shock serpent bites you but does no damage.
The shock serpent's electric aura discharges, shocking you!
You die...

....# #.................##......
....## #.................##......
.....###..........##.....#.......
......##.(<.....####.....#.......
..........(......................
......##.##[#............#...[...
....................§....#.......
.............(....§§§....#.......
........#.......@S§§§............
........#.........§§§............
.......##...........§............
.......##.........≈≈≈....###...o.
..................≈≈≈......#,,,,,
.##...............≈≈≈.......,,,,,
..................≈≈≈.......,,,,,
...................⌠.......(,****
.............##.............,***


You could see a shock serpent.

Vanquished Creatures
  A hell hound (D:6)
  A phantom (D:5)
  A centaur (D:6)
  A big kobold (D:6)
  A bullfrog (D:6)
  A crimson imp (D:5)
  A jelly (D:5)
  2 hounds (D:4)
  2 orc wizards (D:6)
  2 bullfrog zombies
  3 orc priests (D:6)
  2 iguanas (D:5)
  Ijyb (D:3)
  2 worker ants
  A hound zombie (D:5)
  6 adders
  2 shadow imps
  An ooze (D:1)
  3 worms
  A dart slug (D:1)
  9 leopard geckos
  16 orcs
  9 bats
  2 bat zombies (D:6)
  6 giant cockroaches
  4 hobgoblins
  6 jackals
  3 quokkas
  2 ball pythons
  4 frilled lizards
  11 goblins
  15 kobolds
  A leopard gecko skeleton (D:4)
  9 rats
  A rat zombie (D:6)
133 creatures vanquished.

Notes
Turn   | Place    | Note
-------+----------+-------------------------------------------
     0 | D:1      | Gildeon the Deep Elf Conjurer began the quest for the Orb.
     0 | D:1      | Reached XP level 1. HP: 10/10 MP: 6/6
   313 | D:1      | Reached XP level 2. HP: 14/15 MP: 8/8
   561 | D:1      | Reached XP level 3. HP: 19/19 MP: 8/10
   565 | D:1      | Learned a level 2 spell: Searing Ray
   569 | D:1      | Learned a level 3 spell: Dazzling Spray
   699 | D:2      | Found a burning altar of Makhleb.
   834 | D:2      | Reached skill level 4 in Spellcasting
  1385 | D:3      | Noticed Ijyb
  1408 | D:3      | Reached skill level 5 in Conjurations
  1433 | D:3      | Reached XP level 4. HP: 22/24 MP: 7/12
  1443 | D:3      | Learned a level 4 spell: Iskenderun's Mystic Blast
  2027 | D:3      | Reached skill level 1 in Hexes
  2254 | D:3      | Killed Ijyb
  2406 | D:4      | Found a sparkling altar of Nemelex Xobeh.
  2429 | D:4      | Reached XP level 5. HP: 28/28 MP: 8/14
  2607 | D:4      | Noticed Menkaure
  2688 | D:4      | Found a deep blue altar of Sif Muna.
  2691 | D:4      | Became a worshipper of Sif Muna the Loreminder
  2814 | D:4      | Got a brightly glowing ivory ring
  2815 | D:4      | Identified the ring "Qoecaota" {Wiz rN+} (You found it on level 4 of the Dungeon)
  2870 | D:4      | Reached skill level 5 in Spellcasting
  2876 | D:4      | Reached skill level 1 in Short Blades
  2944 | D:4      | Found a staircase to the Ecumenical Temple.
  2952 | Temple   | Entered the Ecumenical Temple
  3132 | D:4      | Learned a level 4 spell: Fulminant Prism
  3187 | D:5      | Entered Level 5 of the Dungeon
  3546 | D:5      | Reached XP level 6. HP: 33/33 MP: 9/15
  3612 | D:5      | Reached skill level 5 in Stealth
  3758 | D:5      | Reached skill level 1 in Fighting
  3925 | D:5      | Found a sparkling altar of Nemelex Xobeh.
  4017 | D:5      | Reached skill level 1 in Evocations
  4205 | D:6      | Reached skill level 1 in Armour
  4235 | D:6      | Reached XP level 7. HP: 17/38 MP: 8/16
  4713 | D:6      | Reached skill level 5 in Hexes
  4987 | D:6      | Noticed a two-headed ogre
  5264 | D:6      | Reached skill level 5 in Dodging
  5432 | D:6      | HP: 1/38 [centaur/arrow (6)]
  5957 | D:6      | Found Vetomete's Jewellery Boutique.
  5998 | D:6      | Noticed Grinder
  6006 | D:6      | Noticed Grinder
  6006 | D:6      | Grinder changed into Grinder the hell hound
  6017 | D:6      | Killed Grinder the hell hound
  6017 | D:6      | Reached skill level 1 in Invocations
  6115 | D:6      | Found a shattered altar of Ashenzari.
  6132 | D:6      | Reached XP level 8. HP: 18/43 MP: 10/18
  6138 | D:6      | Learned a level 4 spell: Force Lance
  6232 | D:6      | Found an ornate altar of the Wu Jian Council.
  6264 | D:6      | Reached skill level 6 in Spellcasting
  6381 | D:6      | Noticed a shock serpent
  6381 | D:6      | a two-headed ogre changed into a shock serpent
  6382 | D:6      | Killed from afar by a shock serpent

Vault maps used:
D:1:      dpeg_arrival_chase, hangedman_feature_mirror
D:2:      old_standard_altar
D:3:      first_ration, wad_floor_pattern_untrapped, uniq_ijyb
D:4:      kennysheep_mini_moat, minmay_temple_entry_nine_rooms,
          nemelex_spade_bored_becter, uniq_menkaure
D:5:      nrook_loot_triangle, nemelex_xobeh_ov_fountains_minmay
D:6:      lemuel_zombie_altar_kikubaaqudgha, ashenzari_altar_1,
          lemuel_crystal_altar, serial_shops, shop_fountains, moated_statue,
          serial_park_tiny_pond, uniq_grinder
Temple:   eino_temple_lava

Skill      XL: |  1  2  3  4  5  6  7  8 |
---------------+-------------------------+-----
Stealth        | 3 4 5 |  5.0
Spellcasting   | 4 5 6 |  6.0
Conjurations   | 5 |  5.0
Hexes          | 2 3 4 5 |  5.0
Short Blades   | 1 |  1.1
Dodging        | 3 5 |  5.0
Fighting       | 1 |  1.0
Evocations     | 1 3 4 |  4.0
Armour         | 1 |  1.0
Invocations    | 1 |  1.8
Translocations | |  0.2

Action                   |  1- 3 |  4- 6 |  7- 9 || total
-------------------------+-------+-------+-------++-------
Melee: Short sword       |     2 |       |       ||     2
       Dagger            |    29 |    61 |    19 ||   109
 Fire: Blowgun           |       |    10 |       ||    10
 Cast: Magic Dart        |    63 |   119 |   101 ||   283
       Searing Ray       |       |       |     5 ||     5
Evoke: Wand              |       |       |     4 ||     4
  Use: Scroll            |     5 |     5 |     1 ||    11
       Potion            |       |     3 |     1 ||     4
 Stab: Sleeping          |     8 |     8 |       ||    16
  Eat: Chunk             |     1 |     3 |       ||     4
       Ration            |       |     2 |     2 ||     4
Armor: Robe              |     4 |    13 |    23 ||    40
Dodge: Dodged            |    39 |    54 |    73 ||   166

Table legend:
 A = Spawn XP
 B = Non-spawn XP
 C = Spawn XP percentage of total XP
 D = Spawn monster count
 E = Non-spawn monster count
 F = Spawn count percentage of total count
 G = Total turns spent on level
                    A         B        C        D         E        F      G
               +---------+---------+-------+---------+---------+-------+---------
         Total |       0 |    1546 |   0.0 |       0 |     133 |   0.0 |  6382
               +---------+---------+-------+---------+---------+-------+---------
           D:1 |       0 |      54 |   0.0 |       0 |      27 |   0.0 |   697
           D:2 |       0 |      29 |   0.0 |       0 |      17 |   0.0 |   845
           D:3 |       0 |     102 |   0.0 |       0 |      24 |   0.0 |   854
           D:4 |       0 |     150 |   0.0 |       0 |      18 |   0.0 |   722
           D:5 |       0 |     425 |   0.0 |       0 |      15 |   0.0 |  2377
           D:6 |       0 |     786 |   0.0 |       0 |      32 |   0.0 |   818
               +---------+---------+-------+---------+---------+-------+---------
